AoeStats
← [Marty]TheEY

Nomad

508030655Analyzed
4v4 RM · 13d ago on Sep 20, 2026· 47m 10s· 8 players
Game mode
Random Map
Map size
231×231
Population
200
Speed
Normal
Resources
Standard
Victory
Conquest
Starting age
Dark Age
Ending age
Imperial Age
RankedLock teamsTeams togetherTeam positionsShared explorationLock speedFull tech treeHidden civsTurbo modeCheats
Victory
Defeat
🇬🇧 Malay · United Kingdom
1526
+14
🇲🇽 Saracens · Mexico
1512
+15
🇺🇸 Byzantines · United States
1498
+15
🇺🇸 Vietnamese · United States
1455
+17
🇭🇰 Italians · Hong Kong SAR China
1550
-17
🇻🇳 Lithuanians · Vietnam
1542
-18
🇻🇳 Persians · Vietnam
1448
-14
🇻🇳 Vietnamese · Vietnam
1403
-12
Mis
3:57 Loom
12:55 Feudal Age
17:00 Castle Age
16:08 Double-Bit Axe
16:18 Horse Collar
19:20 Stone Mining
27:44 Ballistics
36:25 Wheelbarrow
37:47 Fishing Lines
39:03 Fletching
39:39 Bodkin Arrow
39:45 Murder Holes
45:27 Medium Warships
48:03 Imperial Age
45:53 Bow Saw
45:50 Gillnets
firebat
4:39 Loom
13:33 Feudal Age
17:12 Double-Bit Axe
19:09 Fletching
22:04 Castle Age
25:15 Redemption
32:42 Bow Saw
36:54 Fishing Lines
38:45 Gold Mining
39:41 Wheelbarrow
41:55 Imperial Age
40:13 Scale Mail Armor
40:23 Forging
39:42 Pikeman
40:22 Squires
40:49 Horse Collar
42:13 Chain Mail Armor
43:09 Iron Casting
44:14 Halberdier
45:27 Plate Mail Armor
47:18 Hand Cart
[SotC ]Risck
4:53 Loom
13:53 Feudal Age
17:34 Castle Age
16:40 Double-Bit Axe
16:50 Gold Mining
19:07 Bow Saw
26:27 Scale Barding Armor
27:19 Forging
28:34 Chain Barding Armor
28:09 Horse Collar
30:47 Wheelbarrow
29:58 Town Watch
32:00 Stone Mining
33:20 Bloodlines
37:19 Imperial Age
36:45 Iron Casting
36:13 Heavy Plow
37:12 Gold Shaft Mining
37:15 Hand Cart
38:08 Coinage
38:25 Town Patrol
39:27 Plate Barding Armor
38:43 Elite Mameluke
40:09 Conscription
40:50 Blast Furnace
41:17 Two-Man Saw
41:32 Chemistry
41:10 Husbandry
41:48 Masonry
41:34 Murder Holes
42:35 Counterweights
43:24 Banking
45:31 Ballistics
45:02 Fletching
46:08 Hoardings
47:20 Siege Engineers
Mezzanine00
4:41 Loom
14:50 Feudal Age
17:39 Castle Age
15:44 Double-Bit Axe
16:12 Fishing Lines
18:35 Bow Saw
18:27 Horse Collar
22:03 Town Watch
23:02 Wheelbarrow
24:35 Gillnets
25:10 Stone Mining
25:23 Gold Mining
26:16 Hand Cart
28:44 Gold Shaft Mining
32:01 Imperial Age
29:45 Fletching
30:40 Forging
31:06 Bodkin Arrow
31:44 Squires
33:23 Chemistry
32:46 Ballistics
32:20 Arson
33:38 Iron Casting
33:50 Bracer
35:55 Blast Furnace
35:06 Pikeman
37:02 Stone Shaft Mining
36:28 Halberdier
38:41 Conscription
40:47 Elite Karambit Warrior
41:38 Heavy Plow
42:14 Siege Engineers
42:19 Masonry
41:50 Treadmill Crane
[Marty]TheEY
12:59 Feudal Age
16:32 Castle Age
15:49 Double-Bit Axe
16:27 Fishing Lines
16:49 Loom
18:35 Bow Saw
19:29 Fletching
21:42 Bodkin Arrow
25:50 Town Watch
36:52 Gillnets
38:52 Wheelbarrow
41:11 Imperial Age
44:20 Imperial Age
45:46 Medium Warships
46:59 Chemistry
Ố Là La
5:45 Loom
11:55 Feudal Age
17:40 Horse Collar
17:50 Double-Bit Axe
20:34 Castle Age
18:56 Gold Mining
19:53 Scale Barding Armor
20:23 Forging
21:47 Bow Saw
21:45 Heavy Plow
22:49 Chain Barding Armor
25:23 Iron Casting
28:35 Wheelbarrow
28:06 Stone Mining
30:55 Fishing Lines
34:05 Imperial Age
34:04 Hand Cart
34:41 Bloodlines
34:32 Husbandry
34:26 Gillnets
34:10 Cavalier
35:30 Plate Barding Armor
37:16 Two-Man Saw
36:47 Crop Rotation
39:06 Paladin
43:39 Fletching
43:50 Padded Archer Armor
44:52 Chemistry
43:39 Elite Skirmisher
45:03 Bodkin Arrow
45:24 Leather Archer Armor
44:30 Imperial Skirmisher
46:11 Bracer
47:12 Ring Archer Armor
TanLN
4:24 Loom
13:38 Feudal Age
14:31 Double-Bit Axe
19:32 Castle Age
17:59 Fletching
20:27 Bow Saw
19:52 Crossbowman
20:44 Fishing Lines
23:36 Wheelbarrow
24:30 Bodkin Arrow
36:46 Padded Archer Armor
36:47 Gold Mining
37:21 Stone Mining
43:29 Imperial Age
42:26 Thumb Ring
44:21 Bracer
46:22 Chemistry
TạNgànCân
5:51 Loom
13:40 Feudal Age
15:53 Fishing Lines
18:43 Castle Age
18:16 Double-Bit Axe
26:35 Bow Saw
26:06 Horse Collar
28:28 Heavy Plow
28:24 Gold Mining
29:59 Wheelbarrow
29:35 Town Watch
31:18 Gold Shaft Mining
30:33 Stone Mining
35:17 Imperial Age
35:23 Imperial Age
33:11 Hand Cart
33:56 Town Patrol
35:19 Scale Barding Armor
35:24 Forging
36:03 Stone Shaft Mining
36:02 Conscription
35:18 Elite War Elephant
36:16 Bloodlines
36:07 Husbandry
36:28 Cavalier
37:37 Chain Barding Armor
37:54 Iron Casting
39:55 Plate Barding Armor
41:00 Heavy Camel Rider
42:43 Blast Furnace
44:32 Ballistics
Connection lost

Rejoining the realm…

Still unreachable

The connection could not be restored.

Session expired

The server has moved on; the page needs a fresh start.